 Dungeon Crawl Stone Soup version 0.29-a0-994-gc5c9f59d18 (webtiles) character file.

Game seed: 9963138127884673171

93 coolguy69 the Cutter (level 4, 0/24 HPs)
             Began as a Vine Stalker Monk on Aug 3, 2022.
             Was a Believer of Dithmenos.
             Succumbed to an orc's poison
             ... on level 3 of the Dungeon.
             The game lasted 00:02:15 (3136 turns).

coolguy69 the Cutter (Vine Stalker Monk)            Turns: 3136, Time: 00:02:15

Health: 0/24       AC:  5    Str: 16    XL:     4   Next: 61%
Magic:  21/23      EV: 13    Int: 10    God:    Dithmenos [**....]
Gold:   178        SH:  0    Dex: 16    Spells: 3/3 levels left

rFire   . . .      SeeInvis .   a - +0 short sword
rCold   . . .      Faith    .   (no shield)
rNeg    . . .      Spirit   +   b - +0 robe
rPois   .          Reflect  .   (no helmet)
rElec   .          Harm     .   (no cloak)
rCorr   .          Rampage  .   k - +0 pair of gloves
Will    .....                   d - +1 pair of boots
Stlth   +++.......              (no amulet)
HPRegen 0.88/turn               j - ring of magical power
MPRegen 0.18/turn               n - ring of magical power

@: lethally poisoned (0 -> -6), hasted, wreathed by umbra, very quick
A: fangs 2, regeneration 1, magic shield, antimagic bite, no potion heal 2
a: Renounce Religion, Shadow Step


You were on level 3 of the Dungeon.
You worshipped Dithmenos.
Dithmenos was pleased with you.
You visited 1 branch of the dungeon, and saw 3 of its levels.

You collected 178 gold pieces.

Inventory:

Hand Weapons
 a - a +0 short sword (weapon)
Armour
 b - a +0 robe (worn)
 d - a +1 pair of boots (worn)
 k - a +0 pair of gloves (worn)
Jewellery
 j - a ring of magical power (left hand)
 n - a ring of magical power (right hand)
 s - a ring of protection from cold
Scrolls
 i - a scroll of amnesia {unknown}
 l - a scroll of silence {unknown}
 o - 2 scrolls of identify {unknown}
 p - a scroll of vulnerability {unknown}
 q - a scroll of noise {unknown}
 r - a scroll of magic mapping {unknown}
Potions
 c - a potion of ambrosia
 e - a potion of magic {unknown}
 g - 2 potions of curing {unknown}
 h - a potion of lignification {unknown}
 m - 2 potions of might {unknown}


   Skills:
 + Level 3.1 Fighting
 + Level 3.4 Short Blades
 + Level 3.0 Dodging
 + Level 3.3 Stealth
 * Level 0.9 Invocations


You had 3 spell levels left.
You didn't know any spells.
Your spell library contained the following spells:

 Spells                   Type           Power      Damage    Failure   Level
 Magic Dart               Conj           0%         1d3       36%         1
 Call Imp                 Summ           0%         N/A       50%         2
 Sublimation of Blood     Necr           0%         N/A       50%         2
 Wereblood                Tmut           0%         N/A       50%         2
 Mephitic Cloud           Conj/Pois/Air  0%         N/A       75%         3
 Summon Hydra             Summ           0%         N/A       100%        7


Dungeon Overview and Level Annotations

Branches:
Dungeon (3/15)

Altars:
Dithmenos


Innate Abilities, Weirdness & Mutations

You have extremely sharp teeth.
Your natural rate of healing is unusually fast.
When hurt, damage is shared between your health and your magic reserves.
Your bite disrupts and absorbs the magic of your enemies.
Potions cannot restore your health.


Message History

The orc is moderately wounded.
You feel sick.
You hit the orc but do no damage.
The orc is moderately wounded.
You feel sick.
The orc hits you with a +0 hand axe of venom.
You are lethally poisoned!
You are too injured to fight recklessly!
You are too injured to fight recklessly!
You are too injured to fight recklessly!
You are too injured to fight recklessly!
You are too injured to fight recklessly!
You are too injured to fight recklessly!
You are too injured to fight recklessly!
You hit the orc but do no damage.
The orc is moderately wounded.
You feel very sick. The orc closely misses you.
You closely miss the orc.
The orc is moderately wounded.
* * * LOW HITPOINT WARNING * * *
You feel very sick. The orc closely misses you.
You hit the orc but do no damage. Your bite misses the orc.
The orc is moderately wounded.
* * * LOW HITPOINT WARNING * * *
You feel sick. The orc hits you but does no damage.
You are more poisoned.
Unknown command.
You feel yourself speed up.
* * * LOW HITPOINT WARNING * * *
You feel very sick. The orc misses you.
You hit the orc. Your bite misses the orc.
The orc is heavily wounded.
* * * LOW HITPOINT WARNING * * *
You feel sick. The orc misses you.
You hit the orc but do no damage.
The orc is heavily wounded.
You die...

#.# ###### #.# #.#
#.# #.## # #<.# #
##.# #+### # #.#
######...... ##.##
#.))@o.....#
###...####.########.#
#..........#
#.#...###### #.##.##
# #.# #.# #.# #..


You could see an orc.

Vanquished Creatures
  2 adders (D:2)
  A gnoll (D:2)
  A dart slug (D:1)
  4 orcs (D:3)
  5 endoplasms
  2 giant cockroaches (D:1)
  2 goblins (D:2)
  10 hobgoblins
  5 jackals
  A kobold (D:2)
  8 ball pythons
  6 bats
  2 frilled lizards
  3 rats
52 creatures vanquished.

Vanquished Creatures (others)
  A plant (D:1)
1 creature vanquished.

Grand Total: 53 creatures vanquished

Notes
Turn   | Place    | Note
-------+----------+-------------------------------------------
     0 | D:1      | coolguy69 the Vine Stalker Monk began the quest for the
                  | Orb.
     0 | D:1      | Reached XP level 1. HP: 11/11 MP: 2/2
   596 | D:1      | Reached XP level 2. HP: 15/16 MP: 3/3
  1284 | D:1      | Reached XP level 3. HP: 19/19 MP: 4/4
  1830 | D:2      | Found a shadowy altar of Dithmenos.
  1843 | D:2      | Became a worshipper of Dithmenos the Shadowed
  1843 | D:2      | Reached * piety under Dithmenos
  1843 | D:2      | Reached ** piety under Dithmenos
  2568 | D:2      | Found a faded altar of an unknown god.
  2579 | D:2      | Gained mutation: Your natural rate of healing is unusually
                  | fast. [Vine Stalker growth]
  2579 | D:2      | Reached XP level 4. HP: 24/24 MP: 5/5
  3135 | D:3      | HP: 1/24 [poisoned by an orc]
  3136 | D:3      | Succumbed to an orc's poison

Illustrated notes

Levels and vault maps discovered:
D:1:      heliophobic_arrival_henge, layout_basic, serial_bayou_pond_b,
          chequers_big_river, reono_crystal_passage
D:2:      layout_basic, basic_altar, hellmonk_ecumenical_altar_lost_god,
          corexii_hall_statues_l, cheibrodos_gnoll_hut
D:3:      layout_loops_ring, general_overflow_altar, roderic_lattice_a

Skill      XL: |  1  2  3  4 |
---------------+-------------+-----
Short Blades   | 3 |  3.4
Fighting       | 3 |  3.1
Stealth        | 3 |  3.3
Dodging        | 3 |  3.0
Invocations    | |  0.9

Action                   |  1- 3 |  4- 6 || total
-------------------------+-------+-------++-------
Melee: Short sword       |   108 |    64 ||   172
       Bite              |    21 |    16 ||    37
       Punch             |     1 |     1 ||     2
  Use: Potion            |       |     1 ||     1
 Stab: Sleeping          |     8 |     5 ||    13
Armor: Robe              |    40 |    23 ||    63
Dodge: Dodged            |    92 |    54 ||   146

Table legend: (Time is in decaauts)
 A = Elapsed time spent in this place.
 B = Non-inter-level travel time spent in this place.
 C = Inter-level travel time spent in this place.
 D = Time resting spent in this place.
 E = Time spent auto-exploring this place.
 F = Levels seen in this place.
 G = Mean time per level.
                   A        B        C        D        E       F      G
               +--------+--------+--------+--------+--------+-----+--------+
         Total |   3142 |   3033 |    109 |    376 |   2252 |   3 | 1047.3 |
       Dungeon |   3142 |   3033 |    109 |    376 |   2252 |   3 | 1047.3 |
               +--------+--------+--------+--------+--------+-----+--------+

Top non-repeatable levels by time:
     D:1: 1599 daAuts
     D:2: 1282 daAuts
     D:3: 259 daAuts
